 Dungeon Crawl Stone Soup version 0.15.0-31-geb66e34 (webtiles) character file.

394 Firebatgyro the Poker (level 7, -1/54 HPs)
             Began as a Formicid Wanderer on Sept 12, 2014.
             Slain by a gnoll
             ... wielding a +0 halberd
              (3 damage)
             ... on Level 4 of the Dungeon.
             The game lasted 00:12:20 (4332 turns).

Firebatgyro the Poker (Formicid Wanderer)           Turns: 4332, Time: 00:12:20

HP  -1/54        AC  7     Str 19      XL: 7   Next:  8%
MP  11/11        EV 10     Int 13      God:
Gold 195         SH  0     Dex  8      Spells:  0 memorised,  8 levels left

rFire  . . .     SeeInvis +     i - +1 trident
rCold  . . .     Clarity  .     p - +3 leather armour
rNeg   . . .     rCorr    .     (no shield)
rPois  .         rRot     .     (helmet unavailable)
rElec  .         Spirit   .     (no cloak)
SustAb +         Warding  .     m - +0 pair of gloves
rMut   .         Stasis   +     (no boots)
Gourm  .                        (no amulet)
MR     .....                    (no ring)
                                c - ring of sustain abilities

@: not resistant to hostile enchantments, very unstealthy
A: permanent stasis, dig shafts and tunnels, four strong arms, antennae 3,
regeneration 1
a: Dig, Shaft Self


You were on level 4 of the Dungeon.
You were not hungry.

You visited 2 branches of the dungeon, and saw 6 of its levels.

You collected 195 gold pieces.

Inventory:

Hand weapons
 b - a +0 hand crossbow
 i - a +1 trident (weapon)
Missiles
 e - 44 bolts
 k - 12 poisoned needles
 r - 8 javelins (quivered)
Armour
 m - a +0 pair of gloves (worn)
 p - a +3 leather armour (worn)
Comestibles
 d - 3 meat rations
 f - 4 bread rations
 h - 3 chunks of orc flesh
 t - a beef jerky
Scrolls
 j - 3 scrolls of recharging
 o - a scroll of remove curse
 v - a scroll of random uselessness
Jewellery
 c - a ring of sustain abilities (left hand)
Potions
 l - 2 potions of brilliance
 q - a potion of restore abilities {unknown}
 s - a potion of haste {unknown}
Books
 a - a book of Maledictions

   Spells                             Type                      Level
   Corona                             Hexes                        1
   Sure Blade                         Hexes/Charms                 2
   Ensorcelled Hibernation            Hexes/Ice                    2
   Confuse                            Hexes                        3
   Dazzling Spray                     Conjuration/Hexes            3
   Enslavement                        Hexes                        4
 n - a book of Callings

   Spells                             Type                      Level
   Summon Small Mammal                Summoning                    1
   Call Imp                           Summoning                    2
   Call Canine Familiar               Summoning                    3
   Summon Guardian Golem              Hexes/Summoning              4
   Summon Lightning Spire             Summoning/Air                4
   Summon Ice Beast                   Ice/Summoning                4


   Skills:
 + Level 4.0 Fighting
 + Level 5.4 Polearms
 - Level 2.2 Crossbows
 - Level 1.2 Stealth
   Level 1.2 Shields
 - Level 1.1 Spellcasting
   Level 1.2 Hexes
   Level 4.0 Poison Magic


You had 8 spell levels left.
You didn't know any spells.

Dungeon Overview and Level Annotations

Branches:
Dungeon (5/15)             Temple (1/1) D:4

Altars:
Cheibriados
Elyvilon
Makhleb
Nemelex Xobeh
Vehumet
Xom
Zin
The Shining One

Annotations:
D:5 SormusSA's ghost, experienced HuBe


Innate Abilities, Weirdness & Mutations

Your are under a permanent stasis effect.
You can dig through walls and to a lower floor.
Your four strong arms can wield two-handed weapons with a shield.
You have a pair of large antennae on your head (SInv).
Your natural rate of healing is unusually fast.


Message History

The gnoll misses you. The gnoll barely misses you.
You hit the gnoll.
The gnoll is almost dead.
The gnoll misses you.
You hit the gnoll but do no damage.
The gnoll is almost dead.
The gnoll hits you with a halberd.
* * * LOW HITPOINT WARNING * * *
The gnoll hits you with a spear.
* * * LOW HITPOINT WARNING * * *
You puncture the gnoll!
You kill the gnoll!
Your Fighting skill increases to level 4!
The gnoll hits you with a halberd.
* * * LOW HITPOINT WARNING * * *
Drink which item? (? for menu, Esc to quit)
You begin to heal more quickly.
You feel fantastic!
It was a potion of beneficial mutation.
The gnoll hits you with a halberd.
You die...

#...........# #.#........##
#.#........# #.#........#######
#.#........#.....#
#.#.......)#.###.######
#.#...........##......#
#.#............)g####.#
................@####.##
#.######..#......[.....########
..######....#########..#.)....#
####......#.# #(.#.####.# .#
#.###.##.# #....# #.# .#
#.....##.# ##.######.# .#
#..##.#### #......#.#
.###........# ######.#.#
..##.#....### #.#.#


You could see a gnoll.

Vanquished Creatures
  An ogre (D:4)
  An orc priest (D:5)
  An iguana (D:4)
  2 orc wizards
  A worker ant (D:4)
  An ogre skeleton (D:4)
  4 adders
  2 gnolls (D:4)
  A worm (D:2)
  An orc skeleton (D:4)
  2 giant geckos (D:2)
  2 oozes
  11 orcs
  A bat skeleton (D:4)
  2 giant cockroaches
  13 goblins
  9 hobgoblins
  2 jackals (D:1)
  2 quokkas (D:3)
  3 ball pythons
  7 bats
  5 giant newts
  2 goblin skeletons (D:4)
  7 kobolds
  8 rats
91 creatures vanquished.

Notes
Turn   | Place    | Note
--------------------------------------------------------------
     0 | D:1      | Firebatgyro, the Formicid Wanderer, began the quest for the Orb.
     0 | D:1      | Reached XP level 1. HP: 15/15 MP: 2/2
   245 | D:1      | Reached XP level 2. HP: 18/21 MP: 4/4
   248 | D:1      | Reached skill level 1 in Polearms
   690 | D:2      | Reached XP level 3. HP: 22/26 MP: 5/5
  1085 | D:2      | Reached XP level 4. HP: 25/32 MP: 6/6
  1690 | D:3      | Reached XP level 5. HP: 32/37 MP: 9/9
  2137 | D:4      | Found a shimmering altar of Xom.
  2607 | D:4      | Reached XP level 6. HP: 37/46 MP: 10/10
  2804 | D:4      | Noticed an ogre
  2812 | D:4      | Killed an ogre
  2812 | D:4      | Reached skill level 5 in Polearms
  2910 | D:4      | Found a sparkling altar of Nemelex Xobeh.
  3224 | D:4      | Found a staircase to the Ecumenical Temple.
  3275 | Temple   | Entered the Ecumenical Temple
  3548 | D:5      | Entered Level 5 of the Dungeon
  3683 | D:5      | Noticed SormusSA's ghost (experienced HuBe)
  3949 | D:5      | Reached XP level 7. HP: 13/53 MP: 11/11
  4331 | D:4      | HP: 2/54 [gnoll/halberd (4)]
  4332 | D:4      | Gained mutation: Your natural rate of healing is unusually fast. [potion of beneficial mutation]
  4332 | D:4      | Slain by a gnoll

Action                   |  1- 3 |  4- 6 |  7- 9 || total
-------------------------+-------+-------+-------++-------
Melee: Spear             |   103 |   127 |       ||   230
       Unarmed           |     3 |       |       ||     3
       Trident           |       |   203 |    19 ||   222
 Fire: Hand crossbow     |     5 |       |       ||     5
Throw: Javelin           |       |     5 |       ||     5
  Use: Potion            |     1 |     1 |     2 ||     4
       Scroll            |       |     7 |       ||     7
 Stab: Sleeping          |       |     2 |       ||     2
  Eat: Chunk             |       |    10 |     1 ||    11
